 Dungeon Crawl Stone Soup version 0.30.1-11-g7821555f0a (webtiles) character file.

Game seed: 8575150669458704753

289 fireball365 the Chopper (level 6, -2/53 HPs)
             Began as a Hill Orc Fighter on Dec 24, 2023.
             Slain by an ogre
             ... wielding a +0 giant spiked club
              (16 damage)
             ... on level 5 of the Dungeon on Dec 26, 2023.
             The game lasted 00:05:25 (3396 turns).

fireball365 the Chopper (Hill Orc Fighter)          Turns: 3396, Time: 00:05:25

Health: -2/53      AC:  9    Str: 21    XL:     6   Next: 31%
Magic:  6/6        EV:  8    Int:  8    God:
Gold:   194        SH:  4    Dex: 10    Spells: 5/5 levels left

rFire   + . .        a - +0 war axe
rCold   . . .        c - +0 buckler
rNeg    + . .        r - +0 chain mail
rPois   .            (no helmet)
rElec   .            A - scarf {repulsion}
rCorr   .            (no gloves)
SInv    .            (no boots)
Will    .....        (no amulet) Stlth
                     o - ring of positive energy
HPRegen 0.28/turn    m - ring of protection from fire
MPRegen 0.10/turn

%: repel missiles
@: no status effects
A: no striking features
a: no special abilities


You were on level 5 of the Dungeon.
You visited 1 branch of the dungeon, and saw 5 of its levels.

You collected 194 gold pieces.

Inventory:

Hand Weapons
 a - a +0 war axe (weapon)
Armour
 b - a +0 scale mail
 c - a +0 buckler (worn)
 r - a +0 chain mail (worn)
 A - a scarf of repulsion (worn)
Jewellery
 m - a ring of protection from fire (right hand)
 o - a ring of positive energy (left hand)
Scrolls
 e - 2 scrolls of amnesia
 g - 2 scrolls of vulnerability
 h - a scroll of fear {unknown}
 i - a scroll of torment {unknown}
 j - 2 scrolls of identify
 q - a scroll of blinking {unknown}
 u - 2 scrolls of enchant armour {unknown}
 x - a scroll of poison {unknown}
 y - a scroll of fog {unknown}
Potions
 d - 3 potions of might
 f - 2 potions of attraction
 k - a potion of cancellation {unknown}
 l - a potion of heal wounds {unknown}
 n - a potion of magic {unknown}
 p - a potion of brilliance {unknown}
 s - a potion of degeneration {unknown}
 v - a potion of flight {unknown}
 w - 2 potions of curing
 z - a potion of lignification {unknown}


   Skills:
 + Level 4.4 Fighting
 + Level 5.5 Axes
 + Level 4.7 Armour
 + Level 1.1 Dodging
 + Level 0.1 Stealth
 + Level 4.2 Shields


You had 5 spell levels left.
You didn't know any spells.
Your spell library contained the following spells:

 Spells                   Type           Power      Damage    Failure   Level
 Gell's Gravitas          Tloc           0%         N/A       100%        3
 Stone Arrow              Conj/Erth      0%         3d7       100%        3
 Teleport Other           Tloc           0%         N/A       100%        3
 Animate Armour           Summ/Erth      0%         N/A       100%        4
 Dispersal                Tloc           0%         N/A       100%        6
 Lehudib's Crystal Spear  Conj/Erth      0%         10d2      100%        8


Dungeon Overview and Level Annotations

Branches:
Dungeon (5/15)
 Temple: D:4-7

Altars:
Makhleb


Message History

The scorpion is severely wounded.
The scorpion stings you but does no damage.
You closely miss the scorpion.
The scorpion is severely wounded.
The scorpion stings you but does no damage.
You slash the scorpion!
You kill the scorpion!
You see here a scorpion corpse.
You hear the slow hiss of a very distant avalanche of sand.
Found a robe.
You see here a +0 robe.
Found a scroll labelled XIULUMO VUG.
h - a scroll labelled XIULUMO VUG
Found 6 gold pieces.
An ogre comes into view. It is wielding a +0 giant spiked club.
You hear the slow hiss of an avalanche of sand nearby.
The ogre shouts!
An orc comes into view. It is wielding a +0 hand axe.
The ogre moves out of view.
The orc shouts!
The ogre barely misses you.
You hit the ogre.
The ogre is lightly wounded.
The ogre hits you with a +0 giant spiked club!!
You hit the ogre but do no damage.
The ogre is lightly wounded.
You slash the orc!
You kill the orc!
The ogre hits you with a +0 giant spiked club!!
* * * LOW HITPOINT WARNING * * *
You slash the ogre!
The ogre is heavily wounded.
You hit the ogre.
The ogre is heavily wounded.
You block the ogre's attack.
Unknown command.
You slash the ogre!
The ogre is almost dead.
The ogre hits you with a +0 giant spiked club!
You die...

#.# #.# #.#..
#.###.###.#$# #
#.........#.###.# #
#.###...........# ## #.#
#........### .#####.#
#..#####..# .......# #.##
##.##
#†########..##+##...#
#........#.....O@)..#
###......#.8.....8.......
##.........8.8.........
#.....###.............. #
##.....# ##.......####..
###......# #.......# .
....###### #....#.#.
....# #.####.#.# .##.#


You could see an ogre.

Vanquished Creatures
  An ogre (D:4)
  A scorpion (D:5)
  A hound (D:4)
  Terence (D:3)
  2 adders
  4 worms
  2 dart slugs
  2 orcs
  6 bats
  2 endoplasms
  4 giant cockroaches
  4 goblins
  7 hobgoblins
  A quokka (D:4)
  6 ball pythons
  2 frilled lizards
  5 kobolds
  5 rats
56 creatures vanquished.

Notes
Turn   | Place    | Note
-------+----------+-------------------------------------------
     0 | D:1      | fireball365 the Hill Orc Fighter began the quest for the
                  | Orb.
     0 | D:1      | Reached XP level 1. HP: 19/19 MP: 1/1
   313 | D:1      | Reached XP level 2. HP: 27/27 MP: 2/2
   766 | D:2      | Reached XP level 3. HP: 32/33 MP: 3/3
   936 | D:2      | Reached skill level 3 in Axes
  1266 | D:2      | Found a faded altar of an unknown god.
  1761 | D:3      | Noticed Terence
  1774 | D:3      | Killed Terence
  1775 | D:3      | Reached XP level 4. HP: 31/40 MP: 4/4
  2372 | D:3      | Found a burning altar of Makhleb.
  2420 | D:4      | Reached skill level 1 in Dodging
  2424 | D:4      | Reached skill level 4 in Axes
  2424 | D:4      | Reached XP level 5. HP: 44/46 MP: 5/5
  2490 | D:4      | Noticed an ogre
  2499 | D:4      | Killed an ogre
  2500 | D:4      | Reached skill level 5 in Axes
  2938 | D:4      | Reached XP level 6. HP: 52/53 MP: 6/6
  3288 | D:5      | Entered Level 5 of the Dungeon
  3396 | D:5      | Slain by an ogre

Illustrated notes

Levels and vault maps discovered:
D:1:      lemuel_arrival_cross, layout_basic
D:2:      layout_basic, ebering_ecumenical_altar_mist
D:3:      layout_loops_ring, lightli_temple_of_fire, kennysheep_flooded_box,
          minmay_misc_feat_pillars, uniq_terence
D:4:      layout_basic
D:5:      layout_loops_cross, nemelex_dance_club_becter, zin_statuary,
          mainiacjoe_overflow_alcove_4, serial_shops, nicolae_shop_tiny_glass,
          nicolae_shop_tiny_waterfront, nicolae_ossuary_entry_giza

Skill      XL: |  1  2  3  4  5 |
---------------+----------------+-----
Shields        | 4 |  4.2
Fighting       | 4 |  4.4
Axes           | 3 4 5 |  5.5
Dodging        | 1 |  1.1
Armour         | 4 |  4.7
Stealth        | |  0.1

Action                     |  1- 3 |  4- 6 || total
---------------------------+-------+-------++-------
  Melee: War axe           |    82 |    81 ||   163
    Use: Scroll            |     2 |     2 ||     4
 Armour: Scale mail        |    18 |       ||    18
         Chain mail        |    39 |    48 ||    87
  Dodge: Dodged            |    42 |    40 ||    82
  Block: Buckler           |    17 |    19 ||    36
